 Dungeon Crawl Stone Soup version 0.24.1 (webtiles) character file.

Game seed: 18016034398938174670, levelgen mode: deterministic

47 Destapler the Chiller (level 3, 0/24 HPs)
             Began as a Merfolk Ice Elementalist on Apr 4, 2020.
             Succumbed to Crazy Yiuf's poison
             ... on level 2 of the Dungeon.
             The game lasted 00:03:26 (1227 turns).

Destapler the Chiller (Merfolk Ice Elementalist)    Turns: 1227, Time: 00:03:27

Health: 0/24       AC:  2    Str:  8    XL:     3   Next: 70%
Magic:  1/6        EV: 13    Int: 15    God:
Gold:   50         SH:  0    Dex: 14    Spells: 5/6 levels left

rFire    . . .     SeeInvis .   d - +0 mace
rCold    . . .     Gourm    .   (no shield)
rNeg     . . .     Faith    .   a - +0 robe
rPois    .         Spirit   .   (no helmet)
rElec    .         Reflect  .   (no cloak)
rCorr    .         Harm     .   (no gloves)
MR       .....                  (no boots)
Stlth    ++........             (no amulet)
HPRegen  0.08/turn              (no ring)
MPRegen  0.10/turn              (no ring)

@: lethally poisoned (0 -> -6), drained
A: change form in water, swift swim, stealthy swim
a: no special abilities


You were on level 2 of the Dungeon.
You were not hungry.

You visited 1 branch of the dungeon, and saw 2 of its levels.

You collected 50 gold pieces.

Inventory:

Hand Weapons
 d - a +0 mace (weapon)
 e - a +0 dagger
Armour
 a - a +0 robe (worn)
Scrolls
 f - 2 scrolls of fog {unknown}
 h - a scroll of teleportation {unknown}
 j - a scroll of noise {unknown}
 k - 2 scrolls of identify {unknown}
Potions
 b - a potion of lignification {unknown}
 i - a potion of heal wounds {unknown}
Comestibles
 c - 3 rations
 g - 5 chunks of flesh


   Skills:
 + Level 3.5(2.9) Dodging
 + Level 3.0(2.4) Stealth
 + Level 2.4(1.8) Spellcasting
   Level 0.7(0.1) Conjurations
 + Level 3.8(3.2) Ice Magic


You had 5 spell levels left.
You knew the following spells:

 Your Spells              Type           Power        Failure   Level  Hunger
a - Freeze                Ice            ##..         6%          1    ##.....

Your spell library contained the following spells:

 Spells                   Type           Power        Failure   Level  Hunger
 Throw Frost              Conj/Ice       #.....       17%         2    ###....
 Ozocubu's Armour         Chrm/Ice       #.......     34%         3    ####...
 Throw Icicle             Conj/Ice       #.......     73%         4    #####..
 Summon Ice Beast         Ice/Summ       #.......     75%         4    #####..


Dungeon Overview and Level Annotations

Branches:
Dungeon (2/15)

Altars:

Annotations:
D:2 Crazy Yiuf


Message History

* * * LOW HITPOINT WARNING * * *
Casting: Freeze (safe; 6% risk of failure)
Confirm with . or Enter, or press ? or * to list all spells.
Aiming: Freeze (safe; 6% risk of failure)
Press: ? - help, Shift-Dir - straight line, f/p - Crazy Yiuf
Aim: Crazy Yiuf, wielding a +2 quarterstaff of chaos and wearing a +1 cloak of invisibility (almost dead)
You freeze Crazy Yiuf.
Crazy Yiuf is almost dead.
Crazy Yiuf closely misses you.
You hit Crazy Yiuf but do no damage.
Crazy Yiuf is almost dead.
Crazy Yiuf closely misses you. Crazy Yiuf misses you.
You completely miss Crazy Yiuf.
Crazy Yiuf is almost dead.
Crazy Yiuf hits you with a +2 quarterstaff of chaos.
* * * LOW HITPOINT WARNING * * *
You are lethally poisoned!
You hit Crazy Yiuf.
Crazy Yiuf is almost dead.
You die...

##...#####.#
#.......÷...
#...........
#####
#..........#
#..)#
##...).....#
#...#
#...#####.#
... #...# #..
#g# #..># ##.
♣♣@♣ #...# #.
♣.♣♣ #...# #.
♣♣.♣
##.#######.
♣.♣♣
#.........
♣♣.♣♣
#########.
♣...♣♣
###.........
♣....♣
#..#.####.#.
##..##
#.###.......
#....#
##..#.####.#.


You could see Crazy Yiuf.

Vanquished Creatures
  An adder (D:2)
  A dart slug (D:1)
  3 leopard geckos
  2 giant cockroaches (D:1)
  2 goblins (D:1)
  3 hobgoblins
  3 jackals (D:1)
  A quokka (D:2)
  A ball python (D:1)
  5 bats (D:1)
  2 frilled lizards (D:1)
  4 kobolds
  4 rats
32 creatures vanquished.

Notes
Turn   | Place    | Note
-------+----------+-------------------------------------------
     0 | D:1      | Destapler the Merfolk Ice Elementalist began the quest for
                  | the Orb.
     0 | D:1      | Reached XP level 1. HP: 13/13 MP: 3/3
   328 | D:1      | Reached XP level 2. HP: 19/19 MP: 5/5
   901 | D:1      | Reached XP level 3. HP: 22/24 MP: 6/6
  1192 | D:2      | Found a runed translucent door.
  1193 | D:2      | Noticed Crazy Yiuf
  1226 | D:2      | HP: 1/24 [Crazy Yiuf/+2 quarterstaff of chaos (1)]
  1227 | D:2      | Succumbed to Crazy Yiuf's poison

Levels and vault maps discovered:
D:1:      dpeg_arrival_rooms_b, layout_rooms, minivault_24
D:2:      layout_loops_cross, kennysheep_jessica_study, uniq_crazy_yiuf_cottage,
          uniq_jessica

Skill      XL: |  1  2  3 |
---------------+----------+-----
Dodging        | 3 |  3.5
Stealth        | 3 |  3.0
Spellcasting   | |  2.4
Conjurations   | |  0.7
Ice Magic      | |  3.8

Action                   || total
-------------------------++-------
Melee: Unarmed           ||    13
       Dagger            ||     9
       Mace              ||    42
 Cast: Freeze            ||    41
 Stab: Sleeping          ||     3
  Eat: Chunk             ||     2
Armor: Robe              ||    27
Dodge: Dodged            ||    89
